 Dungeon Crawl Stone Soup version 0.31.0-10-gcf4a605ca0 (webtiles) character file.

Game seed: 12457020037248891055

84 Gadfly the Changeling (level 4, -1/36 HPs)
             Began as a Draconian Shapeshifter on Jan 26, 2024.
             Slain by Jessica
             ... wielding a +0 club
              (2 damage)
             ... on level 2 of the Dungeon.
             The game lasted 00:02:24 (1149 turns).

Gadfly the Changeling (Draconian Shapeshifter)      Turns: 1149, Time: 00:02:24

Health: -1/36      AC:  5    Str: 17    XL:     4   Next: 23%
Magic:  4/4        EV: 12    Int: 10    God:
Gold:   101        SH:  0    Dex: 12    Spells: 3/3 levels left

rFire   . .          .
                       - Unarmed
rCold   . . .        (no shield)
rNeg    . . .        (body armour unavailable)
rPois   .            (helmet currently unavailable)
rElec   .            (cloak currently unavailable)
rCorr   .            (gloves currently unavailable)
SInv    .            (boots currently unavailable)
Will    .....        (no amulet)
Stlth   +            (no ring)
HPRegen 0.26/turn    (no ring)
MPRegen 0.09/turn

%: no passive effects
@: beast-form
A: beast (slay +2), AC +5, unfitting armour, cold-blooded
a: Begin Untransformation


You were on level 2 of the Dungeon.
You were a hulking beast.
You visited 1 branch of the dungeon, and saw 2 of its levels.

You collected 101 gold pieces.

Inventory:

Talismans
 b - a beast talisman
 c - a flux talisman
Scrolls
 d - a scroll of identify
 h - a scroll of revelation {unknown}
 i - a scroll of fear {unknown}
Potions
 a - a potion of lignification
 e - a potion of berserk rage
 f - 3 potions of mutation {unknown}
 g - a potion of haste


   Skills:
 + Level 1.7 Fighting
 * Level 2.5 Dodging
 * Level 3.4 Unarmed Combat
 * Level 1.6 Evocations
 * Level 3.5 Shapeshifting


You had 3 spell levels left.
You didn't know any spells.
Your spell library contained the following spells:

 Spells                   Type           Power      Damage    Failure   Level
 Shock                    Conj/Air       0%         1d3       36%         1
 Swiftness                Air            0%         N/A       75%         3
 Airstrike                Air            0%         2d(0-16)  98%         4


Dungeon Overview and Level Annotations

Branches:
Dungeon (2/15)

Altars:

Shops:
D:1 (

Annotations:
D:2 Jessica


Innate Abilities, Weirdness & Mutations

You are a hulking beast.
Your limbs bulge with bestial killing power. (Slay +2)
Your plain brown scales are hard. (AC +5)
You cannot fit into any form of body armour.
You are cold-blooded and may be slowed by cold attacks.


Message History

You are too injured to fight recklessly!
You are too injured to fight recklessly!
You are too injured to fight recklessly!
You are too injured to fight recklessly!
You are too injured to fight recklessly!
You are too injured to fight recklessly!
You are too injured to fight recklessly!
You are too injured to fight recklessly!
You are too injured to fight recklessly!
You are too injured to fight recklessly!
You are too injured to fight recklessly!
You are too injured to fight recklessly!
You are too injured to fight recklessly!
You are too injured to fight recklessly!
You are too injured to fight recklessly!
You are too injured to fight recklessly!
You are too injured to fight recklessly!
You are too injured to fight recklessly!
You are too injured to fight recklessly!
You are too injured to fight recklessly!
You are too injured to fight recklessly!
You are too injured to fight recklessly!
You are too injured to fight recklessly!
You are too injured to fight recklessly!
Jessica is nearby!
Jessica shouts, "You are a ghastly nuisance!"
Jessica gestures wildly while chanting.
Jessica blinks!
You start resting.
Jessica is nearby!
Jessica gestures wildly.
Jessica hits you with a +0 club. Jessica gestures at you while chanting.
Pain shoots through your body!
* * * LOW HITPOINT WARNING * * *
Jessica hits you but does no damage.
You hit Jessica.
Jessica is almost dead.
Jessica hits you with a +0 club.
You die...

................###......#
........##.....## #......#
.|..............###......#
..........#.##...........#
...<..)....>...#.........#
......#.##..####.##......#
..............##.##......#
.......#.......#@###.#####
#.......####....h# #.#
##....#..#####...###.#
#..#........##.[.#...##
#.###.......###.......#
#.# #....>..# ##....#.###
#.# #.......# #........#
#.# #.......# #......###
#.# #.......# ##.."..# #..
....##### #...#...#


You could see Jessica (fast).

Vanquished Creatures
  3 adders (D:2)
  3 dart slugs (D:2)
  A ribbon worm (D:2)
  4 ball pythons
  An endoplasm (D:2)
  4 giant cockroaches
  5 goblins
  2 hobgoblins
  6 jackals
  3 quokkas
  3 bats
  5 frilled lizards
  5 kobolds
  4 rats
49 creatures vanquished.

Notes
Turn   | Place    | Note
-------+----------+-------------------------------------------
     0 | D:1      | Gadfly the Draconian Shapeshifter began the quest for the
                  | Orb.
     0 | D:1      | Reached XP level 1. HP: 16/16 MP: 1/1
    20 | D:1      | Found Eczymutot's Weapon Shop.
   276 | D:1      | Reached XP level 2. HP: 20/23 MP: 2/2
   513 | D:2      | Reached skill level 1 in Evocations
   540 | D:2      | Reached XP level 3. HP: 26/28 MP: 3/3
   868 | D:2      | Reached XP level 4. HP: 36/36 MP: 4/4
  1129 | D:2      | Noticed Jessica
  1147 | D:2      | HP: 1/36 [Jessica/nerve-wracking pain (14)]
  1149 | D:2      | Slain by Jessica

Illustrated notes

Levels and vault maps discovered:
D:1:      scummos_arrival_simple_fountains, layout_rooms, serial_shops, shop,
          minmay_misc_feat_more_columns
D:2:      layout_rooms, minmay_puff, uniq_jessica

Skill      XL: |  1  2 |
---------------+-------+-----
Dodging        | 2 |  2.5
Evocations     | 1 |  1.6
Fighting       | |  1.7
Unarmed Combat | |  3.4
Shapeshifting  | |  3.5

Action                     |  1- 3 |  4- 6 || total
---------------------------+-------+-------++-------
  Melee: Unarmed           |   123 |    22 ||   145
         Tailslap          |    10 |     1 ||    11
         Punch             |     2 |       ||     2
    Use: Scroll            |     3 |       ||     3
   Stab: Distracted        |     1 |       ||     1
         Sleeping          |       |     1 ||     1
 Armour: Skin              |   111 |    14 ||   125
  Dodge: Dodged            |   117 |     7 ||   124
